[ AOE2 MATCH · #507056947 ]
UnrankedBohemians vs Teutons
Player's team · WIN
Rival team · LOSS
[ REPLAY ANALYSIS · EXTRACTED FROM THE RECORDED GAME ]
Feudal
10:07
Castle
21:58
Imperial
41:17
| APM avg | 72.5 |
| APM peak | 114 |
| eAPM avg | 31.9 |
| Villagers / military | 145 / 162 |
Focus
⚔️ 32.3% · 🌾 67.7%
Archer ×69 · Spearman ×50 · Scout Cavalry ×13 · Hussite Wagon ×12 · Mangonel ×8 · Trebuchet (Packed) ×5
Feudal
9:17
Castle
23:22
Imperial
47:12
| APM avg | 31.1 |
| APM peak | 80 |
| eAPM avg | 18.8 |
| Villagers / military | 114 / 51 |
Focus
⚔️ 25.7% · 🌾 74.3%
Archer ×29 · Mangonel ×9 · Teutonic Knight ×5 · Scorpion ×3 · Battering Ram ×3 · Bombard Cannon ×2
Match map
Initial resources + every placement click. Lines = walls · curves = elevation contours. ◆ gold · ⬟ stone · ● berries · ✦ relic · ◌ wall gap
Your base· ✓ Closed at 21:58 · 4t walls · 3 gate(s)
muirhead25's base· ✓ Closed at 23:22 · 0t walls · 4 gate(s)
Smoothed initial terrain · ◌ = detected wall gap · hover for details
Inputs per minute
— PomPom - - muirhead25
Build order — PomPom
First 150 of 426 actions detected
| 0:00 | Create | Villager (Male) |
| 0:00 | Create | Villager (Male) |
| 0:03 | Build | House |
| 0:03 | Build | House |
| 0:13 | Create | Villager (Male) |
| 0:13 | Create | Villager (Male) |
| 1:26 | Create | Villager (Male) |
| 1:53 | Create | Villager (Male) |
| 2:24 | Build | Lumber Camp |
| 2:25 | Create | Villager (Male) |
| 2:53 | Create | Villager (Male) |
| 3:02 | Create | Villager (Male) |
| 3:24 | Build | House |
| 3:32 | Build | House |
| 3:40 | Create | Villager (Male) |
| 3:55 | Create | Villager (Male) |
| 4:37 | Create | Villager (Male) |
| 4:39 | Create | Villager (Male) |
| 5:10 | Create | Villager (Male) |
| 5:33 | Create | Villager (Male) |
| 5:35 | Build | Mill |
| 5:50 | Build | House |
| 6:02 | Create | Villager (Male) |
| 6:19 | Create | Villager (Male) |
| 6:27 | Build | Mining Camp |
| 6:46 | Create | Villager (Male) |
| 7:09 | Create | Villager (Male) |
| 7:16 | Research | Loom |
| 7:40 | Research | Feudal Age |
| 8:21 | Build | House |
| 8:23 | Build | House |
| 8:31 | Create | Villager (Male) |
| 9:06 | Build | Barracks |
| 10:00 | Build | House |
| 10:03 | Build | Palisade Wall |
| 10:07 | Age | Feudal Age |
| 10:10 | Create | Villager (Male) |
| 10:17 | Build | Archery Range |
| 10:25 | Research | Double-Bit Axe |
| 10:25 | Research | Double-Bit Axe |
| 10:39 | Build | Palisade Wall |
| 10:45 | Create | Villager (Male) |
| 10:47 | Create | Villager (Male) |
| 11:04 | Create | Archer |
| 11:11 | Create | Villager (Male) |
| 11:16 | Build | Archery Range |
| 11:31 | Create | Villager (Male) |
| 11:34 | Build | Farm |
| 11:37 | Create | Archer |
| 11:59 | Build | Watch Tower |
| 12:12 | Create | Archer |
| 12:13 | Create | Archer |
| 12:13 | Create | Archer |
| 12:16 | Build | House |
| 12:16 | Create | Villager (Male) |
| 12:17 | Create | Villager (Male) |
| 12:53 | Create | Villager (Male) |
| 12:54 | Create | Villager (Male) |
| 13:08 | Create | Villager (Male) |
| 13:24 | Build | Farm |
| 14:50 | Create | Archer |
| 14:51 | Create | Villager (Male) |
| 14:51 | Create | Villager (Male) |
| 14:52 | Create | Villager (Male) |
| 14:53 | Build | House |
| 15:15 | Build | House |
| 15:29 | Build | Mining Camp |
| 15:37 | Build | Palisade Wall |
| 15:42 | Build | Palisade Wall |
| 15:53 | Build | Farm |
| 15:56 | Build | Farm |
| 16:05 | Build | Farm |
| 16:07 | Research | Horse Collar |
| 16:07 | Research | Horse Collar |
| 16:16 | Build | Farm |
| 16:20 | Create | Villager (Male) |
| 16:45 | Create | Villager (Male) |
| 16:47 | Build | Farm |
| 16:55 | Build | Farm |
| 17:01 | Create | Villager (Male) |
| 17:01 | Create | Villager (Male) |
| 17:04 | Build | Farm |
| 17:29 | Build | House |
| 17:31 | Build | House |
| 17:32 | Create | Villager (Male) |
| 17:42 | Build | Blacksmith |
| 17:45 | Build | Farm |
| 17:52 | Create | Villager (Male) |
| 18:00 | Build | Farm |
| 18:02 | Build | Farm |
| 18:37 | Build | Market |
| 18:40 | Build | Market |
| 18:41 | Build | Farm |
| 18:51 | Build | Farm |
| 19:18 | Research | Castle Age |
| 19:22 | Create | Archer ×3 |
| 19:51 | Research | Fletching |
| 19:51 | Research | Fletching |
| 19:52 | Create | Archer |
| 19:58 | Build | Lumber Camp |
| 20:05 | Create | Villager (Male) |
| 20:36 | Build | House |
| 20:38 | Create | Archer ×4 |
| 20:42 | Create | Spearman |
| 20:43 | Create | Spearman |
| 20:55 | Build | House |
| 20:56 | Build | House |
| 20:56 | Build | House |
| 21:02 | Create | Villager (Male) |
| 21:32 | Build | Farm |
| 21:35 | Build | Farm |
| 21:42 | Build | Farm |
| 21:58 | Age | Castle Age |
| 21:59 | Research | Crossbowman (upgrade) |
| 21:59 | Research | Crossbowman (upgrade) |
| 22:10 | Build | Siege Workshop |
| 22:15 | Create | Villager (Male) |
| 22:30 | Build | Siege Workshop |
| 22:31 | Create | Villager (Male) |
| 22:48 | Research | Wheelbarrow |
| 22:58 | Build | Town Center |
| 23:06 | Create | Villager (Male) |
| 23:15 | Build | House |
| 23:41 | Create | Villager (Male) |
| 23:45 | Create | Mangonel |
| 23:49 | Create | Battering Ram |
| 23:51 | Build | House |
| 24:07 | Research | Pikeman (upgrade) |
| 24:07 | Research | Pikeman (upgrade) |
| 24:21 | Build | Barracks |
| 24:25 | Research | Scale Mail Armor |
| 24:25 | Research | Scale Mail Armor |
| 24:27 | Build | Farm |
| 24:31 | Create | Villager (Male) |
| 24:32 | Create | Villager (Male) |
| 24:40 | Create | Villager (Male) ×2 |
| 24:55 | Research | Bow Saw |
| 24:55 | Research | Bow Saw |
| 25:01 | Build | House |
| 25:06 | Create | Battering Ram |
| 25:10 | Create | Villager (Male) |
| 25:11 | Create | Villager (Male) |
| 25:27 | Create | Spearman |
| 25:27 | Create | Spearman |
| 25:32 | Create | Villager (Male) |
| 25:32 | Create | Villager (Male) |
| 25:38 | Create | Villager (Male) |
| 25:40 | Build | Farm |
| 25:43 | Build | Farm |
| 25:43 | Create | Spearman |
Build order — muirhead25
First 150 of 297 actions detected
| 0:01 | Create | Villager (Male) |
| 0:01 | Create | Villager (Male) |
| 0:02 | Create | Villager (Male) |
| 0:02 | Create | Villager (Male) |
| 0:02 | Create | Villager (Male) |
| 0:04 | Build | House |
| 0:05 | Build | House |
| 1:27 | Create | Villager (Male) |
| 1:57 | Create | Villager (Male) |
| 2:09 | Build | Lumber Camp |
| 2:11 | Create | Villager (Male) |
| 2:39 | Create | Villager (Male) |
| 2:49 | Create | Villager (Male) |
| 3:35 | Create | Villager (Male) |
| 3:36 | Create | Villager (Male) |
| 3:53 | Build | House |
| 4:19 | Build | Mill |
| 4:20 | Create | Villager (Male) |
| 4:49 | Create | Villager (Male) |
| 5:05 | Create | Villager (Male) |
| 5:41 | Build | House |
| 5:44 | Create | Villager (Male) |
| 5:51 | Create | Villager (Male) |
| 5:51 | Research | Loom |
| 6:58 | Research | Feudal Age |
| 7:07 | Build | Mining Camp |
| 8:14 | Create | Villager (Male) |
| 8:38 | Create | Villager (Male) |
| 9:09 | Create | Villager (Male) |
| 9:17 | Age | Feudal Age |
| 9:23 | Build | Watch Tower |
| 9:25 | Create | Villager (Male) |
| 9:28 | Research | Double-Bit Axe |
| 9:52 | Create | Villager (Male) |
| 9:59 | Build | House |
| 10:24 | Create | Villager (Male) |
| 10:48 | Create | Villager (Male) |
| 10:52 | Build | Blacksmith |
| 10:54 | Create | Villager (Male) |
| 11:08 | Build | Watch Tower |
| 11:15 | Create | Villager (Male) |
| 11:30 | Create | Villager (Male) |
| 11:53 | Build | House |
| 12:05 | Create | Villager (Male) |
| 12:16 | Build | Mining Camp |
| 12:16 | Create | Villager (Male) |
| 12:27 | Build | Watch Tower |
| 13:14 | Create | Villager (Male) |
| 13:24 | Research | Fletching |
| 13:32 | Create | Villager (Male) |
| 15:07 | Create | Villager (Male) |
| 15:08 | Create | Villager (Male) |
| 15:08 | Create | Villager (Male) |
| 15:11 | Build | Farm |
| 15:22 | Build | Market |
| 15:31 | Build | House |
| 15:44 | Create | Villager (Male) |
| 15:56 | Build | Farm |
| 15:58 | Build | Farm |
| 15:59 | Build | Farm |
| 16:00 | Create | Villager (Male) |
| 16:08 | Build | Farm |
| 16:23 | Create | Villager (Male) |
| 16:26 | Build | Farm |
| 16:29 | Build | House |
| 16:31 | Build | House |
| 16:44 | Build | House |
| 16:45 | Build | House |
| 16:49 | Create | Villager (Male) |
| 16:52 | Build | Farm |
| 16:57 | Build | Farm |
| 17:10 | Research | Horse Collar |
| 17:20 | Build | Watch Tower |
| 17:24 | Build | House |
| 17:29 | Create | Villager (Male) |
| 17:34 | Build | Farm |
| 17:38 | Build | Farm |
| 17:42 | Build | House |
| 18:07 | Create | Villager (Male) |
| 18:22 | Build | Farm |
| 18:23 | Create | Villager (Male) |
| 18:27 | Build | House |
| 18:51 | Build | Barracks |
| 18:53 | Create | Villager (Male) |
| 18:55 | Build | House |
| 18:59 | Build | Farm |
| 19:01 | Create | Villager (Male) |
| 19:04 | Build | Farm |
| 19:16 | Build | House |
| 19:36 | Create | Villager (Male) |
| 20:00 | Build | Archery Range |
| 20:12 | Build | Farm |
| 20:17 | Create | Villager (Male) |
| 20:38 | Research | Castle Age |
| 20:39 | Research | Castle Age |
| 20:39 | Research | Castle Age |
| 20:53 | Build | Archery Range |
| 20:56 | Create | Archer |
| 20:57 | Create | Archer |
| 21:10 | Research | Gold Mining |
| 21:12 | Create | Archer |
| 21:23 | Research | Padded Archer Armor |
| 21:36 | Create | Villager (Male) |
| 21:36 | Create | Villager (Male) |
| 21:36 | Create | Villager (Male) |
| 21:46 | Create | Archer |
| 21:55 | Create | Archer |
| 21:55 | Create | Archer |
| 22:13 | Create | Archer |
| 22:13 | Create | Archer |
| 22:33 | Create | Archer |
| 22:59 | Create | Villager (Male) |
| 23:05 | Create | Archer |
| 23:06 | Create | Archer |
| 23:22 | Age | Castle Age |
| 23:23 | Research | Crossbowman (upgrade) |
| 23:24 | Research | Crossbowman (upgrade) |
| 23:28 | Build | University |
| 23:37 | Research | Bodkin Arrow |
| 23:37 | Research | Bodkin Arrow |
| 23:38 | Create | Villager (Male) |
| 23:44 | Create | Archer |
| 23:45 | Create | Archer |
| 23:52 | Create | Archer |
| 23:53 | Create | Villager (Male) |
| 24:07 | Create | Archer |
| 24:07 | Create | Archer |
| 24:08 | Create | Archer |
| 24:19 | Create | Villager (Male) |
| 24:22 | Build | Lumber Camp |
| 24:32 | Research | Ballistics |
| 24:36 | Create | Villager (Male) |
| 24:43 | Create | Archer |
| 24:43 | Create | Archer |
| 25:04 | Research | Leather Archer Armor |
| 25:17 | Build | Siege Workshop |
| 25:41 | Create | Archer |
| 25:42 | Create | Archer |
| 25:42 | Create | Villager (Male) |
| 25:53 | Create | Archer |
| 25:53 | Create | Archer |
| 25:54 | Create | Villager (Male) |
| 25:58 | Research | Bow Saw |
| 26:10 | Build | Farm |
| 26:20 | Create | Villager (Male) |
| 26:37 | Create | Mangonel |
| 27:02 | Build | Mining Camp |
| 27:06 | Create | Archer |
| 27:07 | Create | Archer |
| 27:18 | Create | Villager (Male) |
Match timeline
| 9:06 | PomPom · first_building Barracks |
| 9:17 | muirhead25 · age_up feudal |
| 10:03 | PomPom · wall_segment Palisade Wall x1 |
| 10:07 | PomPom · age_up feudal |
| 10:17 | PomPom · first_building Archery Range |
| 10:39 | PomPom · wall_segment Palisade Wall x1 |
| 15:37 | PomPom · wall_segment Palisade Wall x1 |
| 15:42 | PomPom · wall_segment Palisade Wall x1 |
| 18:51 | muirhead25 · first_building Barracks |
| 19:26 | muirhead25 · first_market_buy 100 food |
| 19:34 | muirhead25 · first_market_sell 100 wood |
| 20:00 | muirhead25 · first_building Archery Range |
| 21:58 | PomPom · age_up castle |
| 22:10 | PomPom · first_building Siege Workshop |
| 23:22 | muirhead25 · age_up castle |
| 24:53 | PomPom · first_market_buy 100 wood |
| 25:17 | muirhead25 · first_building Siege Workshop |
| 32:51 | PomPom · first_market_sell 100 wood |
| 37:07 | PomPom · first_building Castle |
| 37:13 | muirhead25 · first_building Castle |
| 37:27 | PomPom · first_building Monastery |
| 41:01 | PomPom · wall_segment Palisade Wall x1 |
| 41:03 | PomPom · wall_segment Palisade Wall x1 |
| 41:04 | PomPom · wall_segment Palisade Wall x1 |
| 41:17 | PomPom · age_up imperial |
| 47:12 | muirhead25 · age_up imperial |
| 49:09 | PomPom · first_building Stable |
| 52:01 | muirhead25 · resign |
[ AI ANALYSIS · 1 CREDIT ]
What really happened in this match?
Wolo.gg analyzes every decision: build order, eco, micro, common mistakes by bracket. Personalized analysis on WhatsApp or Discord in 30 seconds.
Civ guide
Bohemians
Perfil
Jugador #455708